| TOP OF THE 1ST |
|
Brockton Rox batting - Pitching for Hamilton Cardinals : RHP Nick Peters
|
|
Pitching: RHP Nick Peters
|
|
|
Batting: LHB John Buff
|
0-0: Called Strike 0-1: Bunted foul 0-2: Ball 1-2: Ball 2-2: Ball 3-2: Foul Ball, location: 2F 3-2: Base on Balls
|
|
Batting: LHB Aaron Brannon
|
0-0: Bunted foul 0-1: Ball John Buff steals 2nd base 1-1: Sac Bunt to 13S - play at first, batter OUT! 1-4 John Buff to third
|
|
Batting: LHB Jarrett Mordecai
|
0-0: Called Strike 0-1: Ball 1-1: Foul Ball, location: 2F 1-2: Ball 2-2: Foul Ball, location: 2F 2-2: Ball 3-2: Foul Ball, location: 2F 3-2: Fly out, F8 (Flyball, 8LM, EV 73.8 MPH) Runner from 3rd tags up, SCORES, throw by CF
|
|
Batting: LHB Carlos Guerra
|
0-0: Foul Ball, location: 2F 0-1: Ball 1-1: Foul Ball, location: 2F 1-2: Foul Ball, location: 2F 1-2: Ball 2-2: Ball 3-2: Foul Ball, location: 2F 3-2: Ground out 5-3 (Groundball, 56S, EV 70.0 MPH)
|
| Top of the 1st over - 1 run, 0 hits, 0 errors, 0 left on base; Brockton 1 - Hamilton 0 |
| BOTTOM OF THE 1ST |
|
Hamilton Cardinals batting - Pitching for Brockton Rox : RHP Jose Escobar
|
|
Pitching: RHP Jose Escobar
|
|
|
Batting: RHB Bernard Claude
|
0-0: Called Strike 0-1: Ball 1-1: Ball 2-1: Ball 3-1: Foul Ball, location: 2F 3-2: SINGLE (Line Drive, 7S, EV 99.4 MPH)
|
|
Batting: LHB Keith Rice
|
0-0: Swinging Strike 0-1: Ball 1-1: Foul Ball, location: 2F 1-2: Ball 2-2: Foul Ball, location: 2F 2-2: 2-RUN HOME RUN (Flyball, 89XD, EV 108.1 MPH), Distance : 419 ft
|
|
Batting: LHB Travis Ruppel
|
0-0: Swinging Strike 0-1: Foul Ball, location: 2F 0-2: Foul Ball, location: 2F 0-2: Ball 1-2: Strikes out swinging
|
|
Batting: RHB Joe Alley
|
0-0: Ball 1-0: Fly out, F4 (Popup, 34, EV 55.6 MPH)
|
|
Batting: RHB Tyler Walker
|
0-0: Foul Ball, location: 2F 0-1: Ball 1-1: Foul Ball, location: 2F 1-2: Ball 2-2: Fly out, F8 (Flyball, 8RS, EV 86.9 MPH)
|
| Bottom of the 1st over - 2 runs, 2 hits, 0 errors, 0 left on base; Brockton 1 - Hamilton 2 |
| TOP OF THE 2ND |
|
Brockton Rox batting - Pitching for Hamilton Cardinals : RHP Nick Peters
|
|
Batting: RHB Alex Melendez
|
0-0: Called Strike 0-1: SINGLE (Line Drive, 4D, EV 94.4 MPH)
|
|
Batting: RHB Ted Emmerich
|
0-0: Ball 1-0: Fly out, F5 (Popup, 5F, EV 70.6 MPH)
|
|
Batting: RHB Scott Hawkins
|
0-0: Foul Ball, location: 2F 0-1: Ball 1-1: Ball 2-1: Called Strike 2-2: Strikes out swinging
|
|
Batting: RHB Travis Campbell
|
0-0: Foul Ball, location: 2F 0-1: Ball 1-1: DOUBLE (Line Drive, 9LM, EV 95.6 MPH) Alex Melendez to third
|
|
Batting: LHB Mike Hutcheson
|
0-0: Called Strike 0-1: Fly out, F6 (Line Drive, 6, EV 69.4 MPH)
|
| Top of the 2nd over - 0 runs, 2 hits, 0 errors, 2 left on base; Brockton 1 - Hamilton 2 |
| BOTTOM OF THE 2ND |
|
Hamilton Cardinals batting - Pitching for Brockton Rox : RHP Jose Escobar
|
|
Batting: RHB Jose Jimenez
|
0-0: Ball 1-0: Ball 2-0: Ball 3-0: Called Strike 3-1: Called Strike 3-2: Strikes out swinging
|
|
Batting: SHB Steve Langlois
|
0-0: Called Strike 0-1: Ball 1-1: Foul Ball, location: 2F 1-2: Ball 2-2: Strikes out looking
|
|
Batting: RHB Julio Sandoval
|
0-0: Swinging Strike 0-1: Ball 1-1: Ball 2-1: Called Strike 2-2: Ball 3-2: Strikes out swinging
|
| Bottom of the 2nd over - 0 runs, 0 hits, 0 errors, 0 left on base; Brockton 1 - Hamilton 2 |
| TOP OF THE 3RD |
|
Brockton Rox batting - Pitching for Hamilton Cardinals : RHP Nick Peters
|
|
Batting: LHB John Buff
|
0-0: SINGLE (Groundball, 34D, EV 94.4 MPH)
|
|
Batting: LHB Aaron Brannon
|
0-0: Bunted foul 0-1: Ball 1-1: Bunted foul 1-2: Sac Bunt to 13 - play at first, batter OUT! 1-3 John Buff to second
|
|
Batting: LHB Jarrett Mordecai
|
0-0: Called Strike 0-1: Called Strike 0-2: Ball 1-2: Foul Ball, location: 2F 1-2: Ball 2-2: Ball 3-2: Foul Ball, location: 2F 3-2: Foul Ball, location: 2F 3-2: Base on Balls
|
|
Batting: LHB Carlos Guerra
|
0-0: Ball 1-0: Ball 2-0: Ball 3-0: Base on Balls John Buff to third Jarrett Mordecai to second
|
|
Batting: RHB Alex Melendez
|
0-0: Ball 1-0: Foul Ball, location: 2F 1-1: Called Strike 1-2: Ball 2-2: Ball 3-2: Grounds into double play, 6-4-3 (Groundball, 56, EV 78.8 MPH)
|
| Top of the 3rd over - 0 runs, 1 hit, 0 errors, 2 left on base; Brockton 1 - Hamilton 2 |
| BOTTOM OF THE 3RD |
|
Hamilton Cardinals batting - Pitching for Brockton Rox : RHP Jose Escobar
|
|
Batting: LHB Ivan Cortez
|
0-0: Called Strike 0-1: Called Strike 0-2: Strikes out swinging
|
|
Batting: RHB Bernard Claude
|
0-0: Ball 1-0: Ground out 4-3 (Groundball, 4, EV 88.1 MPH)
|
|
Batting: LHB Keith Rice
|
0-0: Foul Ball, location: 2F 0-1: Ball 1-1: Foul Ball, location: 2F 1-2: Foul Ball, location: 2F 1-2: Fly out, F9 (Flyball, 89S, EV 87.5 MPH)
|
| Bottom of the 3rd over - 0 runs, 0 hits, 0 errors, 0 left on base; Brockton 1 - Hamilton 2 |
| TOP OF THE 4TH |
|
Brockton Rox batting - Pitching for Hamilton Cardinals : RHP Nick Peters
|
|
Batting: RHB Ted Emmerich
|
0-0: Ball 1-0: Foul Ball, location: 2F 1-1: Foul Ball, location: 2F 1-2: Fly out, F5 (Popup, 15, EV 85.0 MPH)
|
|
Batting: RHB Scott Hawkins
|
0-0: Ball 1-0: Hit by Pitch
|
|
Batting: RHB Travis Campbell
|
0-0: Called Strike 0-1: Swinging Strike 0-2: Ball 1-2: Strikes out swinging
|
|
Batting: LHB Mike Hutcheson
|
0-0: Fielders Choice at 2nd, 5-4 (Groundball, 56, EV 104.4 MPH)
|
| Top of the 4th over - 0 runs, 0 hits, 0 errors, 1 left on base; Brockton 1 - Hamilton 2 |
| BOTTOM OF THE 4TH |
|
Hamilton Cardinals batting - Pitching for Brockton Rox : RHP Jose Escobar
|
|
Batting: LHB Travis Ruppel
|
0-0: Ball 1-0: Called Strike 1-1: Called Strike 1-2: Foul Ball, location: 2F 1-2: Ball 2-2: Ground out 5-3 (Groundball, 56, EV 105.6 MPH)
|
|
Batting: RHB Joe Alley
|
0-0: Foul Ball, location: 2F 0-1: Swinging Strike 0-2: Ball 1-2: DOUBLE (Line Drive, 7LD, EV 111.9 MPH)
|
|
Batting: RHB Tyler Walker
|
0-0: Fly out, F8 (Line Drive, 8LM, EV 96.2 MPH)
|
|
Batting: RHB Jose Jimenez
|
0-0: Called Strike 0-1: Swinging Strike 0-2: Strikes out looking
|
| Bottom of the 4th over - 0 runs, 1 hit, 0 errors, 1 left on base; Brockton 1 - Hamilton 2 |
| TOP OF THE 5TH |
|
Brockton Rox batting - Pitching for Hamilton Cardinals : RHP Nick Peters
|
|
Batting: LHB John Buff
|
0-0: Ball 1-0: Foul Ball, location: 2F 1-1: Ball 2-1: Foul Ball, location: 2F 2-2: Ball 3-2: Foul Ball, location: 2F 3-2: Fly out, F7 (Flyball, 7D, EV 101.2 MPH)
|
|
Pitching: RHP Mike Hickey
|
|
|
Batting: LHB Aaron Brannon
|
0-0: Ball 1-0: Ball 2-0: Called Strike 2-1: Ground out 6-3 (Groundball, 6, EV 80.6 MPH)
|
|
Batting: LHB Jarrett Mordecai
|
0-0: Ball 1-0: Called Strike 1-1: Ball 2-1: Ball 3-1: SINGLE (Groundball, 6, EV 94.4 MPH)
|
|
Batting: LHB Carlos Guerra
|
0-0: Called Strike 0-1: Ball 1-1: Swinging Strike 1-2: Foul Ball, location: 2F 1-2: Ball 2-2: Foul Ball, location: 2F 2-2: Strikes out looking
|
| Top of the 5th over - 0 runs, 1 hit, 0 errors, 1 left on base; Brockton 1 - Hamilton 2 |
| BOTTOM OF THE 5TH |
|
Hamilton Cardinals batting - Pitching for Brockton Rox : RHP Jose Escobar
|
|
Batting: SHB Steve Langlois
|
0-0: Reached on error, E4 (Groundball, 4S, EV 85.6 MPH)
|
|
Batting: RHB Julio Sandoval
|
0-0: Ball 1-0: Ball 2-0: Called Strike 2-1: Called Strike 2-2: Ball 3-2: Base on Balls
|
|
Batting: LHB Ivan Cortez
|
0-0: Ball 1-0: Ball 2-0: Fly out, F7 (Flyball, 7LS, EV 98.1 MPH)
|
|
Batting: RHB Bernard Claude
|
0-0: Ball 1-0: Called Strike 1-1: Foul Ball, location: 2F 1-2: Ball 2-2: Ball 3-2: SINGLE (Groundball, 6MD, EV 98.1 MPH) Steve Langlois to third Julio Sandoval to second
|
|
Batting: LHB Keith Rice
|
0-0: Ball 1-0: Ball 2-0: Ball 3-0: Called Strike 3-1: DOUBLE (Line Drive, 78M, EV 107.5 MPH) Steve Langlois scores Julio Sandoval scores Bernard Claude to third Runner from 3rd tries for Home, SAFE, throw by LF to home
|
|
Batting: LHB Travis Ruppel
|
0-0: SINGLE (Line Drive, 7S, EV 105.6 MPH) Keith Rice to third
|
|
Batting: RHB Joe Alley
|
0-0: Ball 1-0: Foul Ball, location: 2F 1-1: Ball 2-1: Ball 3-1: SINGLE (Line Drive, 89M, EV 105.6 MPH) Keith Rice scores Travis Ruppel to second
|
|
Batting: RHB Tyler Walker
|
0-0: Called Strike 0-1: Swinging Strike 0-2: Foul Ball, location: 2F 0-2: Ball 1-2: Ball 2-2: Ball Wild Pitch! Travis Ruppel to third Joe Alley to second 3-2: Foul Ball, location: 2F 3-2: Strikes out swinging
|
|
Batting: RHB Jose Jimenez
|
0-0: Ball 1-0: Ball 2-0: Foul Ball, location: 2F 2-1: Swinging Strike 2-2: Foul Ball, location: 2F 2-2: Foul Ball, location: 2F 2-2: Strikes out swinging
|
| Bottom of the 5th over - 4 runs, 4 hits, 1 error, 2 left on base; Brockton 1 - Hamilton 6 |
| TOP OF THE 6TH |
|
Brockton Rox batting - Pitching for Hamilton Cardinals : RHP Mike Hickey
|
|
Batting: RHB Alex Melendez
|
0-0: Ball 1-0: Ball 2-0: Swinging Strike 2-1: Ball 3-1: SINGLE (Line Drive, 56D, EV 95.0 MPH)
|
|
Batting: RHB Ted Emmerich
|
0-0: Ball 1-0: Ball 2-0: Called Strike 2-1: Fly out, F9 (Flyball, 9S, EV 79.4 MPH)
|
|
Batting: RHB Scott Hawkins
|
0-0: Ball 1-0: Foul Ball, location: 2F 1-1: Foul Ball, location: 2F 1-2: Foul Ball, location: 2F 1-2: Fly out, F7 (Flyball, 7LM, EV 93.1 MPH)
|
|
Batting: RHB Travis Campbell
|
0-0: Ball 1-0: Foul Ball, location: 2F 1-1: Foul Ball, location: 2F 1-2: Strikes out swinging
|
| Top of the 6th over - 0 runs, 1 hit, 0 errors, 1 left on base; Brockton 1 - Hamilton 6 |
| BOTTOM OF THE 6TH |
|
Hamilton Cardinals batting - Pitching for Brockton Rox : RHP Jose Escobar
|
|
Batting: SHB Steve Langlois
|
0-0: Ball 1-0: Ground out 6-3 (Groundball, 6, EV 91.9 MPH)
|
|
Batting: RHB Julio Sandoval
|
0-0: Foul Ball, location: 2F 0-1: SINGLE (Groundball, 6MD, EV 95.0 MPH)
|
|
Batting: LHB Ivan Cortez
|
0-0: Ball 1-0: Ball 2-0: Called Strike 2-1: Foul Ball, location: 2F 2-2: Strikes out swinging
|
|
Pitching: LHP Chris Deans
|
|
|
Batting: RHB Bernard Claude
|
0-0: SINGLE (Groundball, 25, EV 73.1 MPH) (infield hit) Julio Sandoval to second
|
|
Batting: LHB Keith Rice
|
0-0: Called Strike 0-1: SINGLE (Line Drive, 3D, EV 94.4 MPH) Julio Sandoval to third Bernard Claude to second Runner from 3rd tries for Home, SAFE, throw by RF to home
|
|
Batting: LHB Travis Ruppel
|
0-0: Ball 1-0: Ball 2-0: Called Strike 2-1: Foul Ball, location: 2F 2-2: Ball 3-2: Strikes out swinging
|
| Bottom of the 6th over - 1 run, 3 hits, 0 errors, 2 left on base; Brockton 1 - Hamilton 7 |
| TOP OF THE 7TH |
|
Brockton Rox batting - Pitching for Hamilton Cardinals : RHP Mike Hickey
|
|
Batting: LHB Mike Hutcheson
|
0-0: Ground out 3-1 (Groundball, 34, EV 88.1 MPH)
|
|
Batting: LHB John Buff
|
0-0: Called Strike 0-1: Foul Ball, location: 2F 0-2: Ball 1-2: Foul Ball, location: 2F 1-2: Strikes out swinging
|
|
Batting: LHB Aaron Brannon
|
0-0: Ball 1-0: Fly out, F5 (Popup, 25, EV 89.4 MPH)
|
| Top of the 7th over - 0 runs, 0 hits, 0 errors, 0 left on base; Brockton 1 - Hamilton 7 |
| BOTTOM OF THE 7TH |
|
Hamilton Cardinals batting - Pitching for Brockton Rox : LHP Chris Deans
|
|
Batting: RHB Joe Alley
|
0-0: Called Strike 0-1: Ball 1-1: Called Strike 1-2: SOLO HOME RUN (Line Drive, 9LD, EV 97.5 MPH), Distance : 372 ft
|
|
Pinch Hitting: RHB Tim Williams
|
0-0: Called Strike 0-1: Ball 1-1: Fly out, F8 (Line Drive, 8RM, EV 105.6 MPH)
|
|
Batting: RHB Jose Jimenez
|
0-0: Called Strike 0-1: Swinging Strike 0-2: Reached on error, E5 (Groundball, 5, EV 103.8 MPH)
|
|
Batting: SHB Steve Langlois
|
0-0: Ground out 6-3 (Groundball, 6, EV 85.6 MPH)
|
|
Batting: RHB Julio Sandoval
|
0-0: Swinging Strike 0-1: Ball 1-1: Swinging Strike 1-2: Foul Ball, location: 2F 1-2: Strikes out swinging
|
| Bottom of the 7th over - 1 run, 1 hit, 1 error, 1 left on base; Brockton 1 - Hamilton 8 |
| TOP OF THE 8TH |
|
Brockton Rox batting - Pitching for Hamilton Cardinals : RHP Mike Hickey
|
|
Now at 2B: Tim Williams
|
|
|
Batting: LHB Jarrett Mordecai
|
0-0: Ball 1-0: Ball 2-0: Called Strike 2-1: Swinging Strike 2-2: Ball 3-2: SINGLE (Line Drive, 8RS, EV 107.5 MPH)
|
|
Batting: LHB Carlos Guerra
|
0-0: Ball 1-0: Fly out, F9 (Flyball, 9S, EV 77.5 MPH)
|
|
Pitching: LHP David Hermosillo
|
|
|
Batting: RHB Alex Melendez
|
0-0: Foul Ball, location: 2F 0-1: Foul Ball, location: 2F 0-2: Fly out, F7 (Flyball, 7S, EV 92.5 MPH)
|
|
Batting: RHB Ted Emmerich
|
0-0: Ball Wild Pitch! Jarrett Mordecai to second 1-0: Ground out 4-3 (Groundball, 4M, EV 86.2 MPH)
|
| Top of the 8th over - 0 runs, 1 hit, 0 errors, 1 left on base; Brockton 1 - Hamilton 8 |
| BOTTOM OF THE 8TH |
|
Hamilton Cardinals batting - Pitching for Brockton Rox : LHP Chris Deans
|
|
Batting: LHB Ivan Cortez
|
0-0: Ball 1-0: Ball 2-0: Ground out 4-3 (Groundball, 4, EV 81.2 MPH)
|
|
Pitching: RHP Jim Whiteman
|
|
|
Batting: RHB Bernard Claude
|
0-0: Foul Ball, location: 2F 0-1: Ball 1-1: Ground out 4-3 (Groundball, 4, EV 105.0 MPH)
|
|
Batting: LHB Keith Rice
|
0-0: Ground out 6-3 (Groundball, 56D, EV 110.6 MPH)
|
| Bottom of the 8th over - 0 runs, 0 hits, 0 errors, 0 left on base; Brockton 1 - Hamilton 8 |
| TOP OF THE 9TH |
|
Brockton Rox batting - Pitching for Hamilton Cardinals : LHP David Hermosillo
|
|
Batting: RHB Scott Hawkins
|
0-0: Ball 1-0: Swinging Strike 1-1: Ground out 4-3 (Groundball, 4S, EV 83.1 MPH)
|
|
Batting: RHB Travis Campbell
|
0-0: Foul Ball, location: 2F 0-1: Ball 1-1: Fly out, F9 (Flyball, 9LS, EV 91.9 MPH)
|
|
Batting: LHB Mike Hutcheson
|
0-0: Ball 1-0: Called Strike 1-1: Called Strike 1-2: Foul Ball, location: 2F 1-2: SINGLE (Flyball, 34D, EV 87.5 MPH)
|
|
Batting: LHB John Buff
|
0-0: Ground out 2-3 (Groundball, 2L, EV 68.1 MPH)
|
| Top of the 9th over - 0 runs, 1 hit, 0 errors, 1 left on base; Brockton 1 - Hamilton 8 |
|